 Dungeon Crawl Stone Soup version 0.30-a0-374-g95c0257040 (webtiles) character file.

Game seed: 1081042743423285912

4663 karrick the Basher (level 10, -7/63 HPs)
             Began as a Gargoyle Fighter on Nov 26, 2022.
             Was an Elder of Okawaru.
             Killed from afar by a deep elf pyromancer (41 damage)
             ... with a bolt of fire
             ... on level 8 of the Dungeon.
             The game lasted 00:19:39 (9024 turns).

karrick the Basher (Gargoyle Fighter)               Turns: 9024, Time: 00:19:40

Health: -7/63      AC: 20    Str: 21    XL:     10   Next: 43%
Magic:  10/10      EV:  9    Int:  8    God:    Okawaru [****..]
Gold:   428        SH: 12    Dex: 13    Spells: 9/9 levels left

rFire   . . .      SeeInvis .    a - +0 flail
rCold   + . .      Faith    .    V - +2 kite shield
rNeg    + . .      Spirit   .    t - +2 ring mail {rC+}
rPois   ∞          Reflect  .    (no helmet)
rElec   +          Harm     .    (no cloak)
rCorr   .          Rampage  .    q - +2 pair of gloves
Will    +....                    d - +0 pair of boots
Stlth   +.........               C - amulet of magic regeneration
HPRegen 0.30/turn                K - ring of willpower
MPRegen 0.52/turn                (no ring)

@: no status effects
A: sickness immunity, AC +7, negative energy resistance 1, electricity
resistance, torment resistance 1, petrification resistance
a: Renounce Religion, Heroism, Finesse


You were on level 8 of the Dungeon.
You worshipped Okawaru.
Okawaru was greatly pleased with you.
You visited 1 branch of the dungeon, and saw 8 of its levels.
You also visited: Sewer and Ossuary.

You collected 570 gold pieces.
You spent 142 gold pieces at shops.

Inventory:

Hand Weapons
 a - a +0 flail (weapon)
 v - a +2 vorpal war axe
 J - a +0 hand axe of electrocution
 O - a +1 mace of holy wrath
Missiles
 M - 2 throwing nets (quivered)
 U - a boomerang
Armour
 c - a +0 buckler
 d - a +0 pair of boots (worn)
 q - a +2 pair of gloves (worn)
 t - a +2 ring mail of cold resistance (worn)
 V - a +2 kite shield (worn)
Jewellery
 C - an amulet of magic regeneration (around neck)
 K - a ring of willpower (left hand)
Wands
 b - a wand of digging (2)
 L - a wand of flame (3)
 P - a wand of polymorph (10)
 S - a wand of iceblast (10)
Scrolls
 f - 4 scrolls of immolation
 g - 2 scrolls of fear {unknown}
 h - 2 scrolls of amnesia {unknown}
 j - 10 scrolls of identify {unknown}
 l - a scroll of brand weapon {unknown}
 m - a scroll of butterflies {unknown}
 p - 2 scrolls of noise {unknown}
 r - 3 scrolls of enchant weapon {unknown}
 s - a scroll of vulnerability {unknown}
 u - 3 scrolls of poison
 y - 5 scrolls of teleportation {unknown}
 D - 3 scrolls of magic mapping
 F - 3 scrolls of blinking {unknown}
 Q - a scroll of acquirement {unknown}
 R - 2 scrolls of torment {unknown}
 T - a scroll of enchant armour {unknown}
Potions
 e - 5 potions of flight {unknown}
 i - a potion of brilliance {unknown}
 k - 5 potions of curing
 n - 4 potions of lignification {unknown}
 o - 2 potions of haste {unknown}
 w - 4 potions of might
 x - 3 potions of cancellation {unknown}
 z - 3 potions of heal wounds {unknown}
 A - 4 potions of invisibility {unknown}
 B - 4 potions of magic {unknown}
 E - a potion of berserk rage {unknown}
 G - 2 potions of attraction {unknown}
 H - 8 potions of degeneration {unknown}
 I - a potion of ambrosia {unknown}
 N - a potion of mutation {unknown}


   Skills:
 + Level 7.5 Fighting
 + Level 10.9 Maces & Flails
 + Level 7.4 Armour
 + Level 1.3 Stealth
 + Level 7.1 Shields


You had 9 spell levels left.
You didn't know any spells.
Your spell library contained the following spells:

 Spells                   Type           Power      Damage    Failure   Level
 Magic Dart               Conj           0%         1d3       86%         1
 Necrotise                Necr           0%         1d4       86%         1
 Slow                     Hex            0%         N/A       86%         1
 Frozen Ramparts          Ice            0%         1d1       99%         3
 Ice Form                 Ice/Tmut       0%         N/A       100%        4
 Summon Ice Beast         Ice/Summ       Unusable   N/A       N/A         4

Dungeon Overview and Level Annotations

Branches:
Dungeon (8/15)             Temple (0/1) D:7           Sewer (visited)
Ossuary (visited)
   Lair: D:8-11

Altars:
Ashenzari
Dithmenos
Elyvilon
Hepliaklqana
Nemelex Xobeh
Okawaru
Wu Jian
Xom
Yredelemnul
Zin

Shops:
D:7 (*


Innate Abilities, Weirdness & Mutations

You are immune to sickness and miasma.
Your stone body is resilient. (AC +7)
You are immune to poison.
You resist negative energy. (rN+)
You are resistant to electric shocks. (rElec)
You are resistant to unholy torment.
You are immune to petrification.


Message History

You hit the steam dragon but do no damage.
The steam dragon is heavily wounded.
You are engulfed in a cloud of scalding steam.
A deep elf pyromancer comes into view. It is wielding a +0 long sword.
You block the steam dragon's attack.
The steam dragon claws you but does no damage.
You sock the steam dragon!
The steam dragon is almost dead.
You are engulfed in a cloud of scalding steam.
The steam dragon barely misses you. You block the steam dragon's attack.
You closely miss the steam dragon.
The steam dragon is almost dead.
You are engulfed in a cloud of scalding steam.
The deep elf pyromancer gestures at you while chanting.
The bolt of fire hits you!
The steam dragon bites you but does no damage.
The steam dragon barely misses you.
You barely miss the steam dragon.
The steam dragon is almost dead.
You are engulfed in a cloud of scalding steam.
You block the steam dragon's attack.
The steam dragon claws you but does no damage.
Unknown command.
You barely miss the steam dragon.
The steam dragon is almost dead.
The steam dragon breathes steam at you. The ball of steam hits you.
Unknown command.
The deep elf pyromancer casts a spell.
You block the steam dragon's attack.
The steam dragon claws you but does no damage.
The deep elf pyromancer is engulfed in a cloud of scalding steam.
The deep elf pyromancer gestures at you while chanting.
The bolt of fire misses you.
The deep elf pyromancer is engulfed in a cloud of scalding steam.
The deep elf pyromancer casts a spell at you.
The bolt of fire hits the fire elemental.
The fire elemental completely resists.
The bolt of fire hits you!!!
Ouch! That really hurt!
You die...

#..###### #.......#
### .# ##.####.# #..
.. #.# #.# #.# .#
#.# #.# #.# .# #.#
#.###.# .# ..#
#..##.# .## ...
#.#.##e####..#.#
...#.###..D☼☼E@....#
... #...○#####...#
#<. #..#§§# ..# #..
#..#§§# .# ..
#..#... # #..
...#.### .......
..#...... ..<.#
....# #.#.#


You could see a deep elf pyromancer, a fire elemental (summoned) and a steam
dragon (catching breath).

Vanquished Creatures
  3 yaks (D:8)
  A water moccasin (D:6)
  4 orc warriors
  2 black bears
  2 ice beasts
  3 sky beasts
  4 ogres
  A centaur (D:5)
  3 kobold brigands
  2 phantoms
  A bullfrog (D:7)
  5 gnoll sergeants
  Blork the orc (D:6)
  2 necrophages
  6 scorpions
  A howler monkey (D:7)
  4 jellies
  4 hounds
  4 orc priests
  6 iguanas
  A gnoll bouda (D:8)
  9 orc wizards
  3 mummies (Ossuary)
  13 adders
  23 gnolls
  3 river rats
  4 white imps
  An ufetubus (D:5)
  5 adder zombies (Ossuary)
  5 worms
  2 dart slugs
  32 orcs
  8 ball pythons
  4 bats
  16 endoplasms
  7 giant cockroaches
  5 goblins
  5 hobgoblins
  2 jackals (D:1)
  4 quokkas
  3 training dummies (D:7)
  5 frilled lizards
  4 goblin zombies (Ossuary)
  3 hobgoblin zombies (Ossuary)
  24 kobolds
  3 kobold zombies (Ossuary)
  3 quokka zombies (Ossuary)
  10 rats
266 creatures vanquished.

Vanquished Creatures (others)
  5 plants (D:7)
5 creatures vanquished.

Grand Total: 271 creatures vanquished

Notes
Turn   | Place    | Note
-------+----------+-------------------------------------------
     0 | D:1      | karrick the Gargoyle Fighter began the quest for the Orb.
     0 | D:1      | Reached XP level 1. HP: 14/14 MP: 1/1
   110 | D:1      | Reached XP level 2. HP: 15/19 MP: 2/2
   442 | D:1      | Reached XP level 3. HP: 23/23 MP: 3/3
   747 | D:2      | You fall into a shaft and drop 2 floors!
   757 | D:4      | Noticed an ogre
   779 | D:4      | Found a shadowy altar of Dithmenos.
   787 | D:5      | Entered Level 5 of the Dungeon
   801 | D:4      | Reached skill level 3 in Maces & Flails
   801 | D:4      | Reached XP level 4. HP: 21/29 MP: 4/4
   907 | D:5      | Reached XP level 5. HP: 31/33 MP: 5/5
  1127 | D:5      | Found a basalt altar of Yredelemnul.
  1137 | D:5      | Found an ornate altar of the Wu Jian Council.
  1183 | D:5      | Found an iron altar of Okawaru.
  1183 | D:5      | Found a sparkling altar of Nemelex Xobeh.
  1188 | D:5      | Became a worshipper of Warmaster Okawaru
  1237 | D:5      | Reached skill level 4 in Maces & Flails
  1259 | D:5      | Reached XP level 6. HP: 17/38 MP: 6/6
  1551 | D:6      | Reached * piety under Okawaru
  1552 | D:6      | Reached skill level 5 in Maces & Flails
  1552 | D:6      | Reached skill level 5 in Armour
  1552 | D:6      | Reached XP level 7. HP: 44/44 MP: 7/7
  1969 | D:5      | Found a broken altar of Ashenzari.
  2144 | D:3      | Found a faded altar of an unknown god.
  2234 | D:3      | Reached skill level 5 in Fighting
  2244 | D:3      | Found a glowing drain.
  2249 | Sewer    | Entered a sewer
  2416 | Sewer    | Found a viscous altar of Jiyva.
  2424 | Sewer    | Reached skill level 5 in Shields
  2584 | Sewer    | Reached skill level 6 in Maces & Flails
  2701 | D:3      | Reached XP level 8. HP: 49/49 MP: 8/8
  2981 | D:3      | Reached ** piety under Okawaru
  3152 | D:2      | Got Eliv's Introduction to Spellweaving
  3213 | D:2      | Found a shimmering altar of Xom.
  4247 | D:4      | Reached skill level 7 in Maces & Flails
  5331 | D:5      | Reached skill level 8 in Maces & Flails
  5337 | D:5      | Reached XP level 9. HP: 45/55 MP: 9/9
  5618 | D:6      | Reached *** piety under Okawaru
  5887 | D:6      | Noticed Blork the orc
  5904 | D:6      | Killed Blork the orc
  6021 | D:6      | Reached skill level 9 in Maces & Flails
  6739 | D:6      | Reached skill level 1 in Stealth
  7036 | D:7      | Reached **** piety under Okawaru
  7060 | D:7      | Found a glowing silver altar of Zin.
  7112 | D:7      | Found a staircase to the Ecumenical Temple.
  7182 | D:7      | Reached XP level 10. HP: 21/63 MP: 10/10
  7194 | D:7      | Reached skill level 10 in Maces & Flails
  7215 | D:7      | Found a sand-covered staircase.
  7228 | Ossuary  | Entered an ossuary
  7516 | D:7      | Found Kanixena's Assorted Antiques.
  7522 | D:7      | Bought a viscous silvery potion for 22 gold pieces
  7522 | D:7      | Bought 2 smoky green potions for 45 gold pieces
  7522 | D:7      | Bought a scroll labelled XAILEDO FIZEXO for 25 gold pieces
  7522 | D:7      | Bought a scroll labelled XAILEDO FIZEXO for 25 gold pieces
  7522 | D:7      | Bought a scroll labelled XAILEDO FIZEXO for 25 gold pieces
  7523 | D:7      | Found a hazy altar of Hepliaklqana.
  7696 | D:7      | Found a white marble altar of Elyvilon.
  7824 | D:7      | Found Fong's Firing Range.
  9016 | D:8      | Noticed a deep elf pyromancer
  9024 | D:8      | Killed from afar by a deep elf pyromancer

Illustrated notes

Levels and vault maps discovered:
D:1:      dpeg_arrival_round_c, layout_basic
D:2:      layout_basic, basic_altar, glass_columns_b, minmay_snake_closets
D:3:      layout_loops_ring, ebering_ecumenical_altar_hall,
          lightli_sewer_entry_pipes, st_stairs_1
D:4:      layout_basic, grunt_dithmenos_smoke_and_mirrors, kennysheep_orc_chapel
D:5:      layout_basic, nicolae_overflow_two_pavilions,
          lemuel_coloured_pillars_altar, amethyst_overflow_temple_binary,
          lightli_minifort
D:6:      layout_basic, minmay_fractal_squares_diagonal_5, uniq_blork_the_orc
D:7:      layout_basic, nicolae_hepliaklqana_hazy_memory,
          general_overflow_altar, old_standard_altar,
          minmay_temple_entry_statues_fountains,
          lightli_ossuary_entry_decrepit_ruins, serial_shops, shop,
          nicolae_shop_firing_range
D:8:      layout_loops_ring, special_room [special_room_orc]

Skill      XL: |  1  2  3  4  5  6  7  8  9 10 |
---------------+-------------------------------+-----
Maces & Flails | 3 4 5 6 8 9 10 | 10.9
Armour         | 4 5 6 7 |  7.4
Fighting       | 4 5 7 |  7.5
Shields        | 4 5 6 7 |  7.1
Stealth        | 1 |  1.3

Action                   |  1- 3 |  4- 6 |  7- 9 | 10-12 || total
-------------------------+-------+-------+-------+-------++-------
Melee: Flail             |    98 |   125 |   735 |   276 ||  1234
       Mace              |       |       |       |    39 ||    39
Invok: Heroism           |       |       |       |     2 ||     2
Evoke: Wand              |       |       |     1 |       ||     1
  Use: Potion            |       |     1 |     2 |       ||     3
       Scroll            |       |       |     4 |       ||     4
Armor: Scale mail        |    50 |    78 |    21 |       ||   149
       Ring mail         |       |       |   332 |   114 ||   446
Dodge: Dodged            |    62 |    53 |   283 |    94 ||   492
Block: Buckler           |    21 |    20 |   183 |    28 ||   252
       Kite shield       |       |       |       |    85 ||    85

Table legend: (Time is in decaauts)
 A = Elapsed time spent in this place.
 B = Non-inter-level travel time spent in this place.
 C = Inter-level travel time spent in this place.
 D = Time resting spent in this place.
 E = Time spent auto-exploring this place.
 F = Levels seen in this place.
 G = Mean time per level.
                   A        B        C        D        E       F      G
               +--------+--------+--------+--------+--------+-----+--------+
         Total |   9183 |   8929 |    254 |    170 |   6051 |  10 |  918.3 |
       Dungeon |   8558 |   8304 |    254 |    170 |   5694 |   8 | 1069.8 |
         Sewer |    398 |    398 |      0 |      0 |    246 |   1 |  398.0 |
       Ossuary |    226 |    226 |      0 |      0 |    110 |   1 |  226.0 |
               +--------+--------+--------+--------+--------+-----+--------+

Top non-repeatable levels by time:
     D:5: 1637 daAuts
     D:6: 1325 daAuts
     D:3: 1190 daAuts
     D:7: 1113 daAuts
     D:4: 1101 daAuts
     D:8: 850 daAuts
     D:2: 720 daAuts
     D:1: 619 daAuts
   Sewer: 398 daAuts
 Ossuary: 226 daAuts
